 Dungeon Crawl Stone Soup version 0.20-a0-751-g905781e (webtiles) character file.

67 M4edhros the Sneak (level 4, 0/28 HPs)
             Began as an Octopode Artificer on Feb 25, 2017.
             Slain by an orc
             ... wielding a +0 flail
              (3 damage)
             ... on level 3 of the Dungeon.
             The game lasted 00:00:51 (1067 turns).

M4edhros the Sneak (Octopode Artificer)             Turns: 1067, Time: 00:00:52

Health: 0/28       AC:  1    Str: 11    XL:     4   Next: 16%
Magic:  6/6        EV: 13    Int: 13    God:
Gold:   32         SH:  0    Dex: 13    Spells: 3/3 levels left

rFire    . . .     SeeInvis .   a - +0 short sword
rCold    . . .     Gourm    .   (no shield)
rNeg     . . .     Faith    .   (helmet restricted)
rPois    .         Spirit   .   (no amulet)
rElec    .         Reflect  .   (no ring)
rCorr    .         Harm     .   (no ring)
MR       .....                  (no ring)
Stlth    ++++......             (no ring)
Regen    0.1/turn               (no ring)
MPRegen  0.1/turn               (no ring)
                                (no ring)
                                (no ring)

@: no status effects
A: almost no armour, stealthy swim, amphibious, 8 rings, constrict 8, camouflage
1, gelatinous body 1
a: no special abilities


You were on level 3 of the Dungeon.
You were not hungry.

You visited 1 branch of the dungeon, and saw 3 of its levels.

You collected 32 gold pieces.

Inventory:

Hand Weapons
 a - a +0 short sword (weapon)
 h - a +0 hunting sling
 j - a +0 hunting sling
Missiles
 i - 55 stones (quivered)
Wands
 b - a wand of flame (15/48)
 c - a wand of enslavement (11/24)
 d - a wand of random effects (15/48)
Scrolls
 e - a scroll of teleportation {unknown}
 k - a scroll of enchant armour {unknown}
 l - a scroll of amnesia {unknown}
Comestibles
 f - a bread ration
 g - a meat ration
 m - 2 chunks of flesh
 n - a royal jelly


   Skills:
 - Level 1.0 Fighting
 - Level 1.0 Short Blades
 - Level 2.0 Dodging
 + Level 5.6 Stealth
 - Level 3.2 Evocations


You had 3 spell levels left.
You didn't know any spells.

Dungeon Overview and Level Annotations

Branches:
Dungeon (3/15)

Altars:
Makhleb


Innate Abilities, Weirdness & Mutations

You cannot wear most types of armour.
You are very stealthy in the water. (Stealth+)
You are amphibious.
You can wear up to eight rings at the same time.
You can use your tentacles to constrict eight enemies at once.
Your skin changes colour to match your surroundings (Stealth+).
Your rubbery body absorbs attacks. (AC +1, EV +1)


Message History

You see here a dagger.
Evoke which item? (* to show all) (? for menu, Esc to quit)
Aiming: Enslavement
Press: ? - help, Shift-Dir - straight line, f - orc
Aim: an orc, wielding a falchion (chance to defeat MR: 72%)
The orc struggles to resist.
This wand has 13 charges left.
Evoke which item? (* to show all) (? for menu, Esc to quit)
Aiming: Enslavement
Press: ? - help, Shift-Dir - straight line, f - orc
Aim: an orc, wielding a flail and wearing a leather armour (chance to defeat MR: 72%)
The orc struggles to resist.
This wand has 12 charges left.
The orc hits you with a flail!
* * * LOW HITPOINT WARNING * * *
Evoke which item? (* to show all) (? for menu, Esc to quit)
Aiming: Enslavement
Press: ? - help, Shift-Dir - straight line, f - orc
Aim: an orc, wielding a flail and wearing a leather armour (chance to defeat MR: 72%)
The orc struggles to resist.
This wand has 11 charges left.
The orc hits you with a flail.
You die...

#.......###
###$........
#.........#
..........#####
.......l.......
.....##o#######
... ##o##### .
#..o.$.# #.@###.#
#.$# #.# #. #..#
#.# #..#..###.#
.#
#.....?.#.####>.#
#.#.#...........#
# #.#...........#
#.###.#.####..#
#_ #.รท.####..###


You could see 3 orcs and a frilled lizard.

Vanquished Creatures
  A hound (D:3)
  2 adders (D:3)
  A dart slug (D:3)
  A leopard gecko (D:2)
  An orc (D:3)
  5 goblins
  A hobgoblin (D:2)
  3 bats
  A kobold (D:2)
  2 rats
18 creatures vanquished.

Vanquished Creatures (collateral kills)
  A goblin (D:3)
1 creature vanquished.

Grand Total: 19 creatures vanquished

Notes
Turn   | Place    | Note
-------+----------+-------------------------------------------
     0 | D:1      | M4edhros the Octopode Artificer began the quest for the Orb.
     0 | D:1      | Reached XP level 1. HP: 13/13 MP: 3/3
   134 | D:2      | Reached skill level 2 in Stealth
   364 | D:2      | Reached XP level 2. HP: 6/18 MP: 4/4
   366 | D:2      | Reached skill level 3 in Stealth
   941 | D:3      | Reached skill level 4 in Stealth
   941 | D:3      | Reached XP level 3. HP: 23/23 MP: 5/5
  1041 | D:3      | Reached skill level 5 in Stealth
  1041 | D:3      | Reached XP level 4. HP: 17/28 MP: 6/6
  1053 | D:3      | Found a burning altar of Makhleb.
  1067 | D:3      | Slain by an orc

Vault maps used:
D:1:      sevenhm_arrival_forest_fort_small_4,
          hangedman_abyss_or_decor_lesser_grid
D:2:      zin_scriptorium, uniq_iyjb
D:3:      makhleb_altar_promises_db

Skill      XL: |  1  2  3 |
---------------+----------+-----
Stealth        | 2 4 5 |  5.6
Fighting       | |  1.0
Short Blades   | |  1.0
Dodging        | |  2.0
Evocations     | |  3.2

Action                   |  1- 3 |  4- 6 || total
-------------------------+-------+-------++-------
Melee: Short sword       |    42 |     2 ||    44
       Constrict         |    14 |       ||    14
       Tentacles         |     3 |       ||     3
Evoke: Wand              |     1 |     3 ||     4
  Use: Potion            |     1 |       ||     1
 Stab: Sleeping          |     1 |     1 ||     2
Armor: Skin              |     4 |       ||     4
Dodge: Dodged            |    26 |       ||    26
